 Dungeon Crawl Stone Soup version 0.30-a0-782-ge64f9170bb (webtiles) character file.

Game seed: 3440056746074554506

774 Dirtsage the Ruffian (level 7, -8/52 HPs)
             Began as a Demonspawn Fighter on Mar 14, 2023.
             Mangled by a two-headed ogre
             ... wielding a +0 giant club
              (13 damage)
             ... on level 5 of the Dungeon.
             The game lasted 00:04:54 (3128 turns).

Dirtsage the Ruffian (Demonspawn Fighter)           Turns: 3128, Time: 00:04:54

Health: -8/52      AC:  5    Str: 18    XL:     7   Next: 53%
Magic:  7/7        EV: 10    Int:  9    God:
Gold:   286        SH:  4    Dex: 13    Spells: 6/6 levels left

rFire   . . .      SeeInvis .      - Unarmed
rCold   . . .      Faith    .    c - +0 buckler
rNeg    . . .      Spirit   .    m - +0 troll leather armour
rPois   .          Reflect  .    (no helmet)
rElec   .          Harm     .    s - +0 cloak {Will+}
rCorr   .          Rampage  .    (no gloves)
Will    ++...                    (no boots)
Stlth   +                        (no amulet)
HPRegen 1.08/turn                o - ring of willpower
MPRegen 0.10/turn                x - ring of flight

@: flying
A: hooves 2, foul stench 2
a: no special abilities


You were on level 5 of the Dungeon.
You visited 1 branch of the dungeon, and saw 5 of its levels.

You collected 286 gold pieces.

Inventory:

Missiles
 f - a throwing net (quivered)
Armour
 b - a +0 scale mail
 c - a +0 buckler (worn)
 m - a +0 troll leather armour (worn)
 s - a +0 cloak of willpower (worn)
Magical Staves
 u - a staff of cold
Jewellery
 h - an amulet of magic regeneration
 o - a ring of willpower (left hand)
 x - a ring of flight (right hand)
Wands
 w - a wand of flame (25)
Scrolls
 e - 3 scrolls of teleportation {unknown}
 g - 3 scrolls of immolation {unknown}
 i - 2 scrolls of fear {unknown}
 k - 2 scrolls of vulnerability {unknown}
 n - 7 scrolls of identify {unknown}
 r - a scroll of poison {unknown}
 y - a scroll of noise {unknown}
Potions
 a - a potion of brilliance {unknown}
 d - a potion of might
 j - 4 potions of degeneration {unknown}
 l - a potion of magic {unknown}
 p - 3 potions of lignification {unknown}
 q - 4 potions of attraction {unknown}
 t - a potion of mutation {unknown}
 v - 2 potions of curing {unknown}


   Skills:
 - Level 3.0 Fighting
 - Level 2.5 Axes
 - Level 2.6 Armour
 - Level 2.6 Shields
 + Level 7.4 Unarmed Combat


You had 6 spell levels left.
You didn't know any spells.
Your spell library contained the following spells:

 Spells                   Type           Power      Damage    Failure   Level
 Apportation              Tloc           0%         N/A       54%         1
 Magic Dart               Conj           0%         1d3       54%         1
 Necrotise                Necr           0%         1d4       54%         1
 Sandblast                Erth           0%         2d4       54%         1
 Summon Small Mammal      Summ           0%         N/A       54%         1
 Passwall                 Tmut/Erth      0%         N/A       67%         2
 Searing Ray              Conj           0%         2d4       67%         2
 Stone Arrow              Conj/Erth      0%         3d7       88%         3
 Animate Dead             Necr           0%         N/A       99%         4
 Fulminant Prism          Conj/Hex       0%         3d5       99%         4
 Haunt                    Necr/Summ      0%         N/A       100%        7
 Infestation              Necr           0%         N/A       100%        8


Dungeon Overview and Level Annotations

Branches:
Dungeon (5/15)
 Temple: D:4-7

Altars:
Yredelemnul

Portals:
Abyss: D:3

Annotations:
D:3 2 transporters, Endy73's ghost, amateur DEFE


Innate Abilities, Weirdness & Mutations

You have hoof-like feet.
You sometimes emit foul miasma when damaged in melee.


Message History

The scorpion is almost dead.
You block the scorpion's attack.
You hit the scorpion.
You kill the scorpion!
HP restored.
You see here a scorpion corpse.
A two-headed ogre comes into view.
It is wielding a +0 giant club and a +0 giant spiked club.
The two-headed ogre shouts in stereo!
You see here 8 gold pieces.
Health restored: 52
Aiming: Throw Flame
Press: ? - help, Shift-Dir - straight line, f - two-headed ogre
Aim: a two-headed ogre, wielding a +0 giant club and a +0 giant spiked club (85% to hit)
The puff of flame hits the two-headed ogre.
The two-headed ogre is lightly wounded.
Aiming: Throw Flame
Press: ? - help, Shift-Dir - straight line, f/p - two-headed ogre
Aim: a two-headed ogre, wielding a +0 giant club and a +0 giant spiked club (lightly wounded, 85% to hit)
The puff of flame hits the two-headed ogre.
The two-headed ogre is lightly wounded.
You barely miss the two-headed ogre. You kick the two-headed ogre.
The two-headed ogre is moderately wounded.
The two-headed ogre hits you with a +0 giant club!
The two-headed ogre hits you with a +0 giant spiked club.
You take 16 damage, and have 36/52 hp.
MASSIVE DAMAGE!!
You punch the two-headed ogre!
The two-headed ogre is heavily wounded.
You hit the two-headed ogre. You kick the two-headed ogre.
The two-headed ogre is severely wounded.
The two-headed ogre hits you with a +0 giant club!
You emit a cloud of foul miasma!
The two-headed ogre misses you.
You take 15 damage, and have 22/52 hp.
MASSIVE DAMAGE!!
You hit the two-headed ogre.
The two-headed ogre is severely wounded.
The two-headed ogre is engulfed in dark miasma.
The two-headed ogre is poisoned.
The two-headed ogre hits you with a +0 giant club!!
* * * LOW HITPOINT WARNING * * *
The two-headed ogre hits you with a +0 giant spiked club!
You die...

#....... .####.....# #
...##..###.. ##. ......#
#.. ... ......# #.( #.#
##...... ##.. #.###..#
#..####..# #O...#
#........ #@$# #........
##.## ##....... #
##...### #.......
#.####†.....######...##..
##....###.......#.#####..
#.....###..###....## ##.
#......##..###.....# .
#...###.##..#.......# .
..... #..#..........##


You could see a two-headed ogre (poisoned).

Vanquished Creatures
  Grinder (D:3)
  Eustachio (D:4)
  Edmund (D:4)
  A scorpion (D:5)
  A hound (D:4)
  Crazy Yiuf (D:3)
  An iguana (D:4)
  A hound zombie (D:3)
  3 gnolls (D:4)
  5 adders
  4 worms
  3 dart slugs
  2 orcs
  7 ball pythons
  4 bats
  7 endoplasms
  2 giant cockroaches
  7 goblins
  7 hobgoblins
  6 jackals (D:2)
  A quokka (D:3)
  A ball python zombie (D:3)
  4 frilled lizards
  3 kobolds
  A quokka zombie (D:3)
  2 rats (D:3)
77 creatures vanquished.

Notes
Turn   | Place    | Note
-------+----------+-------------------------------------------
     0 | D:1      | Dirtsage the Demonspawn Fighter began the quest for the
                  | Orb.
     0 | D:1      | Reached XP level 1. HP: 18/18 MP: 1/1
   111 | D:1      | Discovered your monstrous ancestry.
   111 | D:1      | Gained mutation: You have large cloven feet. [demonic
                  | ancestry]
   111 | D:1      | Reached XP level 2. HP: 23/24 MP: 2/2
   120 | D:1      | Found a faded altar of an unknown god.
   121 | D:1      | Noticed a shining eye
   124 | D:1      | Noticed a shining eye
   124 | D:1      | Noticed a golden eye
   124 | D:1      | Noticed a floating eye
   464 | D:2      | Reached skill level 1 in Unarmed Combat
   602 | D:2      | Reached XP level 3. HP: 29/29 MP: 3/3
   637 | D:2      | Reached skill level 2 in Unarmed Combat
  1377 | D:3      | Gained mutation: You have hoof-like feet. [demonic
                  | ancestry]
  1377 | D:3      | Reached XP level 4. HP: 35/35 MP: 4/4
  1388 | D:3      | Noticed Grinder
  1396 | D:3      | Killed Grinder
  1397 | D:3      | Reached skill level 5 in Unarmed Combat
  1397 | D:3      | Gained mutation: You may rarely emit foul miasma when
                  | damaged in melee. [demonic ancestry]
  1397 | D:3      | Reached XP level 5. HP: 27/41 MP: 5/5
  1397 | D:3      | Gained mutation: You sometimes emit foul miasma when
                  | damaged in melee. [demonic ancestry]
  1397 | D:3      | Reached XP level 6. HP: 31/47 MP: 6/6
  1824 | D:3      | Noticed Endy73's ghost (amateur DEFE)
  1827 | D:3      | Noticed a small abomination
  1843 | D:3      | Found a transporter.
  1851 | D:3      | Found a transporter.
  1893 | D:3      | Found a basalt altar of Yredelemnul.
  1956 | D:3      | Found a runed translucent door.
  1957 | D:3      | Noticed Crazy Yiuf
  2046 | D:3      | Found a one-way gate to the infinite horrors of the Abyss.
  2315 | D:3      | Noticed an ancient zyme
  2362 | D:3      | Killed Crazy Yiuf
  2757 | D:4      | Noticed Edmund
  2763 | D:4      | Reached skill level 6 in Unarmed Combat
  2768 | D:4      | Killed Edmund
  2769 | D:4      | Reached XP level 7. HP: 22/52 MP: 7/7
  2773 | D:4      | Noticed Eustachio
  2813 | D:4      | Killed Eustachio
  2814 | D:4      | Reached skill level 7 in Unarmed Combat
  3030 | D:5      | Entered Level 5 of the Dungeon
  3121 | D:5      | Noticed a two-headed ogre
  3128 | D:5      | Mangled by a two-headed ogre

Illustrated notes

Levels and vault maps discovered:
D:1:      amcnicky_arrival_double_pillar, layout_rooms,
          hellmonk_ecumenical_altar_watching_god
D:2:      layout_loops_corners, minmay_hedge_maze
D:3:      layout_loops_ring, nicolae_yredelemnul_corpse_copse,
          gammafunk_ghost_abyssal_escape, roderic_serpentine_path,
          kennysheep_generic_room_2, uniq_grinder, uniq_crazy_yiuf_cottage
D:4:      layout_gridville, uniq_edmund, uniq_eustachio
D:5:      layout_layer_cave, serial_shops, shop

Skill      XL: |  1  2  3  4  5  6  7 |
---------------+----------------------+-----
Axes           | 2 |  2.5
Unarmed Combat | 1 2 5 6 7 |  7.4
Fighting       | |  3.0
Armour         | |  2.6
Shields        | |  2.6

Action                     |  1- 3 |  4- 6 |  7- 9 || total
---------------------------+-------+-------+-------++-------
  Melee: War axe           |   118 |    10 |       ||   128
         Kick              |    18 |    31 |     3 ||    52
         Unarmed           |       |    90 |    20 ||   110
  Throw: Throwing net      |       |     1 |       ||     1
  Evoke: Wand              |       |       |     2 ||     2
    Use: Potion            |       |     2 |       ||     2
   Stab: Sleeping          |       |     1 |       ||     1
 Armour: Scale mail        |    17 |       |       ||    17
         Troll leather arm |    34 |    18 |     7 ||    59
  Dodge: Dodged            |    63 |    40 |    12 ||   115
  Block: Buckler           |    29 |    16 |     2 ||    47

Table legend: (Time is in decaauts)
 A = Elapsed time spent in this place.
 B = Non-inter-level travel time spent in this place.
 C = Inter-level travel time spent in this place.
 D = Time resting spent in this place.
 E = Time spent auto-exploring this place.
 F = Levels seen in this place.
 G = Mean time per level.
                   A        B        C        D        E       F      G
               +--------+--------+--------+--------+--------+-----+--------+
         Total |   3176 |   3056 |    120 |     22 |   2481 |   5 |  635.2 |
       Dungeon |   3176 |   3056 |    120 |     22 |   2481 |   5 |  635.2 |
               +--------+--------+--------+--------+--------+-----+--------+

Top non-repeatable levels by time:
     D:3: 1156 daAuts
     D:2: 926 daAuts
     D:4: 539 daAuts
     D:1: 456 daAuts
     D:5: 96 daAuts
